 Dungeon Crawl Stone Soup version 0.30.1-4-g462c640d31 (webtiles) character file.

Game seed: 14520383831352409520

44 klappster the Chopper (level 3, 33/33 HPs)
             Began as a Minotaur Berserker on Sept 1, 2023.
             Was a Believer of Trog.
             Quit the game on level 1 of the Dungeon on Sept 3, 2023.
             The game lasted 00:07:45 (656 turns).

klappster the Chopper (Minotaur Berserker)           Turns: 656, Time: 00:07:46

Health: 33/33      AC:  5    Str: 23    XL:     3   Next: 39%
Magic:  2/2        EV: 11    Int:  4    God:    Trog [**....]
Gold:   49         SH:  0    Dex:  9    Spells: 2/2 levels left

rFire   . . .        c - +2 hand axe (freeze)
rCold   . . .        (no shield)
rNeg    . . .        q - +0 ring mail
rPois   .            (helmet restricted)
rElec   .            (no cloak)
rCorr   .            (no gloves)
SInv    .            (no boots)
Will    .....        (no amulet) Stlth
                     (no ring)
HPRegen 0.25/turn    (no ring)
MPRegen 0.08/turn

%: no passive effects
@: no status effects
A: horns 2, retaliatory headbutt
a: Renounce Religion, Berserk, Trog's Hand


You were on level 1 of the Dungeon.
You worshipped Trog.
Trog was pleased with you.
You visited 1 branch of the dungeon, and saw 2 of its levels.

You collected 49 gold pieces.

Inventory:

Hand Weapons
 a - a +0 hand axe
 c - a +2 hand axe of freezing (weapon)
 d - a +0 dagger
 f - a +0 club
 g - a +0 short sword
 k - a +0 club
 m - a +0 club
 n - a +0 spear
 r - a +0 short sword
Missiles
 h - 7 stones (quivered)
Armour
 b - a +0 animal skin
 l - a +0 robe
 q - a +0 ring mail (worn)
Scrolls
 j - a scroll of immolation {unknown}
 s - a scroll of brand weapon {unknown}
Potions
 e - a potion of mutation {unknown}
 i - a potion of magic {unknown}
 o - a potion of heal wounds {unknown}
 p - a potion of invisibility {unknown}


   Skills:
 + Level 4.1 Fighting
 * Level 4.6 Axes
 + Level 3.1 Armour
 - Level 2.1 Dodging


You had 2 spell levels left.
You didn't know any spells.
Your spell library contained the following spells:

 Spells                   Type           Power      Damage    Failure   Level
 Sublimation of Blood     Necr           0%         N/A       80%         2
 Petrify                  Tmut/Erth      0%         N/A       100%        4
 Irradiate                Conj/Tmut      0%         3d11      100%        5


Dungeon Overview and Level Annotations

Branches:
Dungeon (2/15)

Altars:


Innate Abilities, Weirdness & Mutations

You have a pair of horns on your head.
You reflexively headbutt those who attack you in melee.


Message History

There are monsters nearby!
There are monsters nearby!
There are monsters nearby!
There are monsters nearby!
There are monsters nearby!
A rat comes into view.
The ball python hisses angrily.
The kobold throws a stone.
The stone hits you but does no damage.
You hit the ball python. You freeze the ball python.
You kill the ball python!
Trog accepts your kill.
You completely miss the kobold. The kobold hits you with a +0 dagger.
There are monsters nearby!
There are monsters nearby!
There are monsters nearby!
There are monsters nearby!
There are monsters nearby!
There are monsters nearby!
There are monsters nearby!
There are monsters nearby!
There are monsters nearby!
There are monsters nearby!
You hit the rat. You freeze the rat.
You kill the rat!
Trog accepts your kill.
You hit the kobold but do no damage. The kobold misses you.
A kobold is nearby!
You hit the kobold but do no damage. The kobold hits you with a +0 dagger.
You miss the kobold. The kobold closely misses you.
You closely miss the kobold. You headbutt the kobold.
You kill the kobold!
Trog accepts your kill.
No target in view!
HP restored.
h - 7 stones (gained 1)
Things that are here:
a +0 dagger; a kobold corpse A frilled lizard comes into view.
A frilled lizard is nearby!
Are you sure you want to abandon this character and quit the game? (Confirm with "yes".)

########### #.........#
#.........# #.........#
#.........# #.........#
#.....†)..################
#.............@.....l.
...#####
#.......).############
#>..... #.........#
#.....# #.........#
#.....# ######.####
#...... #.### ###.....#
#...# #......÷# ###.#
#.###.... #.# .........


You could see a frilled lizard.

Vanquished Creatures
  A gnoll (D:1)
  A dart slug (D:1)
  A ball python (D:1)
  3 endoplasms (D:1)
  4 goblins (D:1)
  6 hobgoblins (D:1)
  2 kobolds (D:1)
  3 quokkas (D:1)
  A bat (D:1)
  2 frilled lizards (D:1)
  4 rats (D:1)
28 creatures vanquished.

Notes
Turn   | Place    | Note
-------+----------+-------------------------------------------
     0 | D:1      | klappster the Minotaur Berserker began the quest for the
                  | Orb.
     0 | D:1      | Reached XP level 1. HP: 19/19 MP: 0/0
    72 | D:1      | Reached XP level 2. HP: 23/27 MP: 1/1
   220 | D:1      | Reached ** piety under Trog
   278 | D:1      | Reached XP level 3. HP: 4/33 MP: 2/2
   656 | D:1      | Quit the game

Illustrated notes

Levels and vault maps discovered:
D:1:      scummos_arrival_simple_fountains, layout_rooms, chequers_avenue,
          minmay_misc_feat_secret_circle, amethyst_killhole
D:2:      layout_basic, grunt_ministairs_11, minmay_tromino_v7

Skill      XL: |  1  2 |
---------------+-------+-----
Axes           | 4 |  4.6
Fighting       | 4 |  4.1
Armour         | 3 |  3.1
Dodging        | |  2.1

Action                     || total
---------------------------++-------
  Melee: Hand axe          ||    49
         Headbutt          ||     4
 Armour: Animal skin       ||     6
         Ring mail         ||     2
  Dodge: Dodged            ||    36
